 Dungeon Crawl Stone Soup version 0.24-a0-525-g9231cdc (webtiles) character file.

Game seed: 12912100113452637322

1147 robbits the Spear-Bearer (level 8, -2/63 HPs)
             Began as a Merfolk Gladiator on Aug 4, 2019.
             Killed by divine providence
             ... invoked by an orc priest
              (11 damage)
             ... on level 6 of the Dungeon.
             The game lasted 00:08:57 (4847 turns).

robbits the Spear-Bearer (Merfolk Gladiator)        Turns: 4847, Time: 00:08:58

Health: -2/63      AC:  5    Str: 15    XL:     8   Next: 38%
Magic:  8/8        EV: 17    Int:  7    God:
Gold:   179        SH:  0    Dex: 17    Spells: 7/7 levels left

rFire    . . .     SeeInvis .   a - +1 trident
rCold    . . .     Gourm    .   (no shield)
rNeg     . . .     Faith    .   b - +0 leather armour
rPois    .         Spirit   .   c - +1 helmet
rElec    .         Reflect  .   (no cloak)
rCorr    .         Harm     .   (no gloves)
MR       +....                  (no boots)
Stlth    ++........             (no amulet)
HPRegen  0.20/turn              s - ring of protection from magic
MPRegen  0.11/turn              v - ring of stealth

@: no status effects
A: change form in water, swift swim, stealthy swim
a: no special abilities


You were on level 6 of the Dungeon.
You were hungry.

You visited 1 branch of the dungeon, and saw 6 of its levels.
You also visited: Ossuary.

You collected 179 gold pieces.

Inventory:

Hand Weapons
 a - a +1 trident (weapon)
 j - a +3 dagger of freezing
Missiles
 r - 22 poisoned darts (quivered)
Armour
 b - a +0 leather armour (worn)
 c - a +1 helmet (worn)
Jewellery
 s - a ring of protection from magic (left hand)
 u - an uncursed ring of fire
 v - a ring of stealth (right hand)
Scrolls
 i - 2 scrolls of fog
 k - a scroll of remove curse
 m - 2 scrolls of teleportation
 o - a scroll of fear
 q - 2 scrolls of enchant armour
 y - a scroll of blinking
Potions
 e - a potion of ambrosia {unknown}
 h - 2 potions of cancellation
 n - a potion of flight {unknown}
 p - 3 potions of resistance
 t - a potion of might {unknown}
 w - a potion of invisibility {unknown}
 z - a potion of lignification {unknown}
Comestibles
 f - 6 rations


   Skills:
 + Level 5.6 Fighting
 + Level 8.1 Polearms
 - Level 2.0 Throwing
 + Level 3.4 Armour
 + Level 7.5 Dodging


You had 7 spell levels left.
You didn't know any spells.
Your spell library was empty.

Dungeon Overview and Level Annotations

Branches:
Dungeon (7/15)
 Temple: D:4-7

Altars:
Dithmenos
Kikubaaqudgha
Ru


Message History

You hit the orc wizard but do no damage.
The orc wizard misses you.
You barely miss the orc wizard. You hit the orc wizard.
The orc wizard is heavily wounded.
The orc wizard misses you.
You hit the orc wizard but do no damage.
The orc wizard is heavily wounded.
The orc wizard gestures at you while chanting.
The puff of flame hits you!
The orc priest calls down the wrath of Beogh upon you.
Beogh smites you!
* * * LOW HITPOINT WARNING * * *
You completely miss the orc wizard.
The orc wizard is heavily wounded.
The orc wizard hits you with a +0 dagger.
* * * LOW HITPOINT WARNING * * *
The orc priest calls down the wrath of Beogh upon you.
Beogh smites you!
You die...

########### #.........#
#.........## ##########
#..........#### #.........
#####.####....###.........
#.# ####.............
#.#########.†.........
#######......).@oo#........$
.........##########.........
................ #.....oo..
#.......######## ..$.......
#######.## ........... ###
#..## .....#..Z...
.....###...######..#.........
#.........................
#########)###..[.


You could see an orc priest and an orc wizard.

Vanquished Creatures
  An ogre (D:7)
  2 centaurs (D:7)
  A bullfrog (D:2)
  A killer bee (D:6)
  4 wights (D:7)
  A howler monkey (D:6)
  A crimson imp (D:7)
  A hound (D:6)
  2 quasits
  2 orc priests
  2 worker ants
  10 big kobold zombies (Ossuary)
  A mummy (Ossuary)
  5 adders
  A shadow imp (D:6)
  An adder zombie (D:6)
  An adder skeleton (D:7)
  A worm (D:3)
  3 leopard geckos (D:2)
  10 orcs
  3 spectral bats (Ossuary)
  A ball python (D:2)
  4 bats
  3 giant cockroaches
  2 gnoll zombies (Ossuary)
  6 goblins
  5 hobgoblins
  3 jackals (D:2)
  5 kobolds
  A quokka (D:2)
  8 bat simulacra (Ossuary)
  5 frilled lizards
  2 goblin simulacra (Ossuary)
  6 goblin zombies (Ossuary)
  7 hobgoblin zombies (Ossuary)
  A kobold simulacrum (Ossuary)
  2 kobold zombies (Ossuary)
  A leopard gecko zombie (D:7)
  3 orc zombies (Ossuary)
  5 rats
  2 rat simulacra (Ossuary)
  2 spectral goblins (Ossuary)
  3 spectral kobolds (Ossuary)
  3 spectral rats (Ossuary)
134 creatures vanquished.

Notes
Turn   | Place    | Note
-------+----------+-------------------------------------------
     0 | D:1      | robbits the Merfolk Gladiator began the quest for the Orb.
     0 | D:1      | Reached XP level 1. HP: 16/16 MP: 1/1
   207 | D:1      | Reached XP level 2. HP: 23/23 MP: 2/2
   800 | D:2      | Reached XP level 3. HP: 21/28 MP: 3/3
   802 | D:2      | Reached skill level 5 in Polearms
   802 | D:2      | Reached skill level 1 in Armour
   929 | D:2      | Reached XP level 4. HP: 28/34 MP: 4/4
  1242 | D:2      | Noticed a bullfrog
  1254 | D:2      | Killed a bullfrog
  1254 | D:2      | Reached skill level 5 in Dodging
  1254 | D:2      | Reached XP level 5. HP: 12/41 MP: 5/5
  2772 | D:3      | Found a shadowy altar of Dithmenos.
  3059 | D:4      | Found a sand-covered staircase.
  3065 | Ossuary  | Entered an ossuary
  3121 | Ossuary  | Reached skill level 6 in Polearms
  3180 | Ossuary  | Reached XP level 6. HP: 36/48 MP: 6/6
  3745 | D:4      | You fall into a shaft and drop 3 floors!
  3755 | D:7      | Reached XP level 7. HP: 43/55 MP: 7/7
  3829 | D:7      | Reached skill level 7 in Polearms
  3983 | D:7      | Reached skill level 5 in Fighting
  4065 | D:7      | Found an ancient bone altar of Kikubaaqudgha.
  4065 | D:7      | Found a sacrificial altar of Ru.
  4083 | D:7      | Reached XP level 8. HP: 29/62 MP: 8/8
  4742 | D:6      | Reached skill level 8 in Polearms
  4847 | D:6      | Killed from afar by an orc priest

Levels and vault maps discovered:
D:1:      wander_arrival_chamber, layout_loops_ring
D:2:      layout_basic, nicolae_underground_beach
D:3:      lemuel_upstairs_altar, layout_basic, grunt_dithmenos_smoke,
          first_ration, chequers_serial_rivers_small_b
D:4:      layout_loops_ring, tgw_trog, minmay_temple_entry_waves,
          nicolae_ossuary_entry_plus, minmay_misc_feat_x,
          grunt_decor_mini_mirrors
D:6:      layout_rooms, nicolae_overflow_crystal_walls, basic_altar
D:7:      layout_loops_ring, grunt_temple_overflow_open, serial_park_tiny_pond,
          uniq_pikel

Skill      XL: |  1  2  3  4  5  6  7  8 |
---------------+-------------------------+-----
Polearms       | 5 6 7 8 |  8.1
Armour         | 1 2 3 |  3.4
Fighting       | 3 4 5 |  5.6
Dodging        | 5 6 7 |  7.5
Throwing       | |  2.0

Action                   |  1- 3 |  4- 6 |  7- 9 || total
-------------------------+-------+-------+-------++-------
Melee: Trident           |    95 |   317 |   165 ||   577
Throw: Throwing net      |       |       |     3 ||     3
       Dart              |       |       |     2 ||     2
  Use: Scroll            |       |    12 |       ||    12
       Potion            |       |       |     5 ||     5
 Stab: Sleeping          |     1 |    13 |     1 ||    15
       Distracted        |       |     1 |       ||     1
  Eat: Chunk             |       |     6 |     3 ||     9
       Ration            |       |     1 |       ||     1
Armor: Leather armour    |    19 |    38 |    34 ||    91
Dodge: Dodged            |    55 |   181 |   166 ||   402

Table legend:
 A = Non-vault XP
 B = Vault XP
 C = Vault XP percentage of total XP
 D = Non-vault monster count
 E = Vault monster count
 F = Vault count percentage of total count
                 A         B        C        D         E       F
            +---------+---------+-------+---------+---------+-------
      Total |    1309 |     330 |  20.1 |      79 |      55 |  41.0
            +---------+---------+-------+---------+---------+-------
        D:1 |      24 |       0 |   0.0 |      16 |       0 |   0.0
        D:2 |     182 |       0 |   0.0 |      25 |       0 |   0.0
        D:3 |      76 |       0 |   0.0 |      14 |       0 |   0.0
        D:6 |     317 |       0 |   0.0 |      12 |       0 |   0.0
        D:7 |     710 |       0 |   0.0 |      12 |       0 |   0.0
    Ossuary |       0 |     330 | 100.0 |       0 |      55 | 100.0
            +---------+---------+-------+---------+---------+-------
